 Dungeon Sprint DCSS version 0.26-a0-28-gc929df5585 (webtiles) character file.

Game seed: 11405348457165657682, levelgen mode: deterministic

433 Essalna the Cleaver (level 7, -1/70 HPs)
             Began as a Hill Orc Fighter on May 28, 2020.
             Was an Initiate of Trog.
             Succumbed to Sonja's curare-tipped dart
             ... in the Dungeon (Sprint I: "Red Sonja").
             The game lasted 00:02:03 (644 turns).

Essalna the Cleaver (Hill Orc Fighter)               Turns: 644, Time: 00:02:03

Health: -1/70      AC:  8    Str: 21    XL:     7   Next: 0%
Magic:  7/7        EV:  8    Int:  8    God:    Trog [......]
Gold:   213        SH: 11    Dex: 10    Spells: 6/6 levels left

rFire    . . .     SeeInvis .   a - +0 war axe
rCold    . . .     Gourm    .   c - +0 kite shield
rNeg     . . .     Faith    .   b - +0 scale mail
rPois    .         Spirit   .   (no helmet)
rElec    .         Reflect  .   (no cloak)
rCorr    .         Harm     .   (no gloves)
MR       .....     NoTele   +   (no boots)
Stlth    ..........             (no amulet)
HPRegen  0.21/turn              (no ring)
MPRegen  0.10/turn              (no ring)

@: mighty, lethally poisoned (-1 -> -58), slowed, very slow
A: no striking features
a: Renounce Religion


You were in the Dungeon.
You worshipped Trog.
Trog was noncommittal.
You were not hungry.

You visited 1 branch You collected 297 gold pieces.
You spent 84 gold pieces at shops.

Inventory:

Hand Weapons
 a - a +0 war axe (weapon)
Armour
 b - a +0 scale mail (worn)
 c - a +0 kite shield (worn)
Scrolls
 k - a scroll of blinking
 l - a scroll of remove curse
Potions
 h - a potion of haste
 i - 2 potions of magic
 j - a potion of berserk rage
Comestibles
 f - a ration


   Skills:
 + Level 9.4 Fighting
 + Level 9.8 Axes
 + Level 8.6 Armour
 + Level 8.6 Shields


You had 6 spell levels left.
You didn't know any spells.
Your spell library was empty.

Dungeon Overview and Level Annotations

Branches:
Dungeon (1/1)

Altars:
Cheibriados
Dithmenos
Elyvilon
Fedhas
Gozag
Hepliaklqana
Kikubaaqudgha
Nemelex Xobeh
Okawaru
Qazlal
Ru
Sif Muna
Trog
Uskayaw
Vehumet
Wu Jian
Yredelemnul
Zin
The Shining One

Shops:
D *

Annotations:
D Sonja


Message History

You feel as though you will be slow longer.
You feel much better.
You feel very sick.
Sonja throws a curare-tipped dart.
The curare-tipped dart hits you.
You are more poisoned.
You have difficulty breathing.
* * * LOW HITPOINT WARNING * * *
You feel as though you will be slow longer.
Sonja throws a curare-tipped dart.
The curare-tipped dart hits you.
You are more poisoned.
You have difficulty breathing.
* * * LOW HITPOINT WARNING * * *
You feel as though you will be slow longer.
* * * LOW HITPOINT WARNING * * *
You feel extremely sick.
Sonja throws a curare-tipped dart.
You block the curare-tipped dart.
Sonja mumbles some strange words.
Sonja looks slightly unstable.
You see here a curare-tipped dart.
You die...

################
#<.#..)..#..'..#
#..').#..').#..+
#..#####'#####'#
#..####..#...#[#
#..#__####K.##[#
#..#_____##@#_.+
#⌠⌠#_.∩...'(.._#
####_..__##_(#+#
#_____###(#
####### #.#
+$.$+ #$.$#
##.## #+#


You could see Sonja.

Vanquished Creatures
  Sigmund (D)
  A yak (D)
  An ogre (D)
  A jelly (D)
  Ijyb (D)
5 creatures vanquished.

Notes
Turn   | Place    | Note
-------+----------+-------------------------------------------
     0 | D        | Essalna the Hill Orc Fighter began the quest for the Orb.
     0 | D        | Reached XP level 1. HP: 19/19 MP: 1/1
     1 | D        | Noticed Ijyb
    14 | D        | Killed Ijyb
    14 | D        | Reached skill level 5 in Fighting
    14 | D        | Reached XP level 2. HP: 27/29 MP: 2/2
    14 | D        | Reached XP level 3. HP: 34/36 MP: 3/3
    29 | D        | Noticed an ogre
    37 | D        | Killed an ogre
    37 | D        | Reached skill level 5 in Armour
    37 | D        | Reached skill level 5 in Shields
    37 | D        | Reached XP level 4. HP: 9/45 MP: 4/4
   283 | D        | Noticed Sigmund
   298 | D        | Killed Sigmund
   298 | D        | Reached XP level 5. HP: 29/55 MP: 5/5
   298 | D        | Reached XP level 6. HP: 33/62 MP: 6/6
   454 | D        | Found a shimmering blue altar of Sif Muna.
   455 | D        | Found an ornate altar of the Wu Jian Council.
   456 | D        | Found a radiant altar of Vehumet.
   498 | D        | Found Baiphairph's General Store.
   498 | D        | Found an ancient bone altar of Kikubaaqudgha.
   498 | D        | Found a hazy altar of Hepliaklqana.
   498 | D        | Found a hide-covered altar of Uskayaw.
   498 | D        | Found a basalt altar of Yredelemnul.
   498 | D        | Found an opulent altar of Gozag.
   498 | D        | Found a snail-covered altar of Cheibriados.
   498 | D        | Found a sacrificial altar of Ru.
   498 | D        | Found a shadowy altar of Dithmenos.
   498 | D        | Noticed a yak
   507 | D        | Killed a yak
   507 | D        | Reached XP level 7. HP: 45/70 MP: 7/7
   508 | D        | Found a stormy altar of Qazlal.
   508 | D        | Found a blossoming altar of Fedhas.
   508 | D        | Found a bloodstained altar of Trog.
   508 | D        | Found an iron altar of Okawaru.
   508 | D        | Found a glowing golden altar of the Shining One.
   508 | D        | Found a glowing silver altar of Zin.
   508 | D        | Found a white marble altar of Elyvilon.
   509 | D        | Found a sparkling altar of Nemelex Xobeh.
   513 | D        | Became a worshipper of Trog the Wrathful
   625 | D        | Bought a scroll of remove curse for 42 gold pieces
   625 | D        | Bought a potion of curing for 42 gold pieces
   630 | D        | Noticed Sonja
   644 | D        | Succumbed to Sonja's curare-tipped dart

Illustrated notes

Levels and vault maps discovered:
D:        dungeon_sprint_1 [red_sonja_temple_1, red_sonja_temple_small_1]

Skill      XL: |  1  2  3  4  5  6 |
---------------+-------------------+-----
Fighting       | 5 6 8 9 |  9.4
Axes           | 4 6 8 9 |  9.8
Armour         | 4 5 7 8 |  8.6
Shields        | 4 5 7 8 |  8.6

Action                   |  1- 3 |  4- 6 |  7- 9 || total
-------------------------+-------+-------+-------++-------
Melee: War axe           |    19 |    27 |     4 ||    50
  Use: Potion            |       |       |     4 ||     4
Armor: Scale mail        |     5 |     4 |     7 ||    16
Dodge: Dodged            |     6 |     4 |     6 ||    16
Block: Kite shield       |     6 |    11 |    10 ||    27

Table legend:
 A = Non-vault XP
 B = Vault XP
 C = Vault XP percentage of total XP
 D = Non-vault monster count
 E = Vault monster count
 F = Vault count percentage of total count
                 A         B        C        D         E       F
            +---------+---------+-------+---------+---------+-------
      Total |       0 |     619 | 100.0 |       0 |       5 | 100.0
            +---------+---------+-------+---------+---------+-------
          D |       0 |     619 | 100.0 |       0 |       5 | 100.0
            +---------+---------+-------+---------+---------+-------
